 Dungeon Sprint DCSS version 0.21-a0-401-g0b6bec4 (webtiles) character file.

7382 Amnesiac the Covert (level 10, -3/76 (77) HPs)
             Began as a Demonspawn Earth Elementalist on Oct 21, 2017.
             Was the Champion of Dithmenos.
             Slain by an unseen horror (4 damage)
             ... in the Dungeon (Sprint I: "Red Sonja").
             The game lasted 00:10:35 (2643 turns).

Amnesiac the Covert (Demonspawn Earth Elementalist) Turns: 2643, Time: 00:10:36

HP:   -3/76 (77)    AC:  7    Str:  9    XL:     10   Next: 92%
MP:   10/22         EV: 16    Int: 19    God:    Dithmenos [******]
Gold: 829           SH:  5    Dex: 14    Spells: 13/25 levels left

rFire    + . .     SeeInvis .   n - +2 dagger (distort)
rCold    . . .     Gourm    .   q - +0 buckler
rNeg     . . .     Faith    .   c - +1 robe {MR+}
rPois    .         Spirit   .   (helmet restricted)
rElec    .         Reflect  .   p - scarf {repulsion}
rCorr    .         Harm     .   (no gloves)
MR       +....     NoTele   +   (no boots)
Stlth    +++++++++.             (no amulet)
HPRegen  0.22/turn              (no ring)
MPRegen  0.18/turn              (no ring)

@: very slightly contaminated, wreathed by umbra, repel missiles
A: antennae 2, iridescent scales 2, fire resistance 1
a: Shadow Step, Shadow Form, Renounce Religion


You were in the Dungeon.
You worshipped Dithmenos.
Dithmenos was exalted by your worship.
You were hungry.

You visited 1 branch You collected 1041 gold pieces.
You spent 212 gold pieces at shops.

Inventory:

Hand Weapons
 n - a +2 dagger of distortion (weapon)
 o - a +0 blowgun
Missiles
 e - 26 stones (quivered)
 m - 10 curare-tipped needles
Armour
 a - a +2 leather armour of fire resistance
 c - a +1 robe of magic resistance (worn)
 p - a scarf of repulsion (worn)
 q - a +0 buckler (worn)
Wands
 b - a wand of confusion (27/48)
 l - a wand of disintegration (10/24)
Potions
 h - 2 potions of magic {!q}
Books
 k - a book of Geomancy

   Spells                             Type                      Level
   a - Sandblast                      Earth                        1
   b - Passwall                       Transmutation/Earth          2
   c - Stone Arrow                    Conjuration/Earth            3
   d - Petrify                        Transmutation/Earth          4
   e - Lee's Rapid Deconstruction     Earth                        5
Comestibles
 d - 2 bread rations


   Skills:
 + Level 6.4 Fighting
 - Level 10.3 Short Blades
 + Level 7.5 Dodging
 - Level 14.1 Stealth
 - Level 4.1 Shields
 - Level 8.0 Spellcasting
 + Level 5.8 Transmutations
 - Level 11.4 Earth Magic


You had 13 spell levels left.
You knew the following spells:

 Your Spells              Type           Power        Failure   Level  Hunger
a - Sandblast             Erth           ######       1%          1    None
b - Passwall              Tmut/Erth      #####.....   1%          2    None
d - Lee's Rapid Deconstr  Erth           ######....   2%          5    #####..
e - Petrify               Tmut/Erth      #####...     2%          4    ###....


Dungeon Overview and Level Annotations

Branches:
Dungeon (1/1)

Altars:
Cheibriados
Dithmenos
Elyvilon
Fedhas
Gozag
Hepliaklqana
Kikubaaqudgha
Makhleb
Nemelex Xobeh
Okawaru
Qazlal
Ru
Sif Muna
Trog
Uskayaw
Vehumet
Wu Jian
Xom
Yredelemnul
Zin
The Shining One
Jiyva
Lugonu

Shops:
D [*[


Innate Abilities, Weirdness & Mutations

You have a pair of antennae on your head.
You are mostly covered in iridescent scales. (AC +4)
Your flesh is heat resistant. (rF+)


Message History

The blast of sand hits something.
e - 27 stones Your shadow mimicks your spell!
The shadow shard hits something.
Something hits you.
* * * LOW HITPOINT WARNING * * *
Something hits you.
* * * LOW HITPOINT WARNING * * *
Casting: Sandblast
Confirm with . or Enter, or press ? or * to list all spells.
Aiming: Sandblast
Press: ? - help, Shift-Dir - straight line
Aim: Disturbance (purple smoke)
Okay, then.
Casting: Sandblast
Confirm with . or Enter, or press ? or * to list all spells.
Aiming: Lee's Rapid Deconstruction
Press: ? - help, Dir - move target cursor Fragment what (e.g. wall or brittle monster)?: Disturbance (purple smoke)
You miscast Lee's Rapid Deconstruction.
You are very lightly contaminated with residual magic.
The floor shifts beneath you alarmingly!
Something hits you!
* * * LOW HITPOINT WARNING * * *
You emit a cloud of dark smoke.
Unknown command.
Casting: Lee's Rapid Deconstruction
Confirm with . or Enter, or press ? or * to list all spells.
Aiming: Lee's Rapid Deconstruction
Press: ? - help, Dir - move target cursor, f - necrophage Fragment what (e.g. wall or brittle monster)?: a necrophage (purple smoke, hasn't noticed you, umbra)
The door shatters!
The blast of rock fragments hits the necrophage.
The necrophage is almost destroyed.
The blast of rock fragments hits something. x2
Dithmenos accepts your kill.
Reactivating autopickup.
Your Fighting skill increases to level 6!
Your Dodging skill increases to level 7!
You feel a bit more experienced.
You are feeling hungry.
Something hits you!
* * * LOW HITPOINT WARNING * * *
Deactivating autopickup; reactivate with Ctrl-A.
Casting: Lee's Rapid Deconstruction
Confirm with . or Enter, or press ? or * to list all spells.
Aiming: Lee's Rapid Deconstruction
Press: ? - help, Dir - move target cursor, p - necrophage
Okay, then.
Unknown command.
Casting: Lee's Rapid Deconstruction
Confirm with . or Enter, or press ? or * to list all spells.
Aiming: Sandblast
Press: ? - help, Shift-Dir - straight line, f/p - necrophage
Aim: a necrophage (purple smoke, almost destroyed, umbra)
The blast of sand hits something.
e - 26 stones Your shadow mimicks your spell!
The shadow shard hits the necrophage.
You destroy the necrophage!
Dithmenos accepts your kill. Something hits you.
* * * LOW HITPOINT WARNING * * *
Something hits you.
You die...

#...#.####[.#####{{+.#+#
###+# #..##.#§≈≈§)#..#
### {#.#
##'#_.+≈§§§.+..# #§§
.'..._#§§§§§#..# ##.#{
##_.#'##+#####'### { {
.## ###'#[#..[.###.'.#
##.. ###.####+###.###§#
+# .'...+.....+.∩##§#
##...###########@#
##.###......§##{# #+#
#.....§§§§§# { {
#...######§#
#...§.{§§#.#
#####..{§§§§#§.#
n$%[....§..§#### {
[n$.....{§≈§#
#.......≈≈≈## {


There were no monsters in sight!

Vanquished Creatures
  2 centaur warriors (D)
  Sonja (D)
  An unseen horror (D)
  A deep troll (D)
  A lindwurm (D)
  An oklob plant (D)
  2 kobold demonologists (D)
  A slime creature (D)
  A hornet (D)
  2 redbacks (D)
  Sigmund (D)
  A yak (D)
  9 hogs (D)
  2 floating eyes (D)
  5 necrophages (D)
  An ogre (D)
  7 jellies (D)
  Ijyb (D)
40 creatures vanquished.

Vanquished Creatures (others)
  the Lernaean hydra (D)
  A deep elf master archer (D)
  2 merfolk sirens (D)
  A gargoyle (D)
  A hellwing (D)
  4 hornets (D)
  3 hogs (D)
13 creatures vanquished.

Grand Total: 53 creatures vanquished

Notes
Turn   | Place    | Note
-------+----------+-------------------------------------------
     0 | D        | Amnesiac the Demonspawn Earth Elementalist began the quest for the Orb.
     0 | D        | Reached XP level 1. HP: 13/13 MP: 3/3
     1 | D        | Noticed Ijyb
    13 | D        | Killed Ijyb
    13 | D        | Reached skill level 5 in Earth Magic
    13 | D        | Gained mutation: You are partially covered in iridescent scales. (AC +2) [demonic ancestry]
    13 | D        | Reached XP level 2. HP: 8/19 MP: 0/6
   218 | D        | Noticed an ogre
   225 | D        | Killed an ogre
   225 | D        | Reached skill level 5 in Spellcasting
   225 | D        | Gained mutation: You are mostly covered in iridescent scales. (AC +4) [demonic ancestry]
   225 | D        | Reached XP level 3. HP: 19/24 MP: 0/9
   225 | D        | Gained mutation: You have a pair of small antennae on your head. [demonic ancestry]
   225 | D        | Reached XP level 4. HP: 24/30 MP: 0/11
   229 | D        | Learned a level 2 spell: Passwall
   234 | D        | Learned a level 4 spell: Petrify
   285 | D        | Killed a hornet
   331 | D        | Killed a hornet
   349 | D        | Found a shadowy altar of Dithmenos.
   349 | D        | Found a sacrificial altar of Ru.
   349 | D        | Found a snail-covered altar of Cheibriados.
   349 | D        | Found an opulent altar of Gozag.
   349 | D        | Found a sparkling altar of Nemelex Xobeh.
   349 | D        | Found a basalt altar of Yredelemnul.
   349 | D        | Found a hide-covered altar of Uskayaw.
   349 | D        | Found a hazy altar of Hepliaklqana.
   349 | D        | Found an ancient bone altar of Kikubaaqudgha.
   349 | D        | Found Ynin's General Store.
   349 | D        | Found a glowing golden altar of the Shining One.
   349 | D        | Found an iron altar of Okawaru.
   349 | D        | Found a bloodstained altar of Trog.
   349 | D        | Found a blossoming altar of Fedhas.
   349 | D        | Found a stormy altar of Qazlal.
   349 | D        | Found a white marble altar of Elyvilon.
   349 | D        | Found a glowing silver altar of Zin.
   349 | D        | Noticed a yak
   349 | D        | Became a worshipper of Dithmenos the Shadowed
   379 | D        | Noticed Sigmund
   382 | D        | Killed Sigmund
   382 | D        | Reached XP level 5. HP: 35/35 MP: 9/14
   393 | D        | Learned a level 5 spell: Lee's Rapid Deconstruction
   426 | D        | Found a deep blue altar of Sif Muna.
   427 | D        | Found an ornate altar of the Wu Jian Council.
   428 | D        | Found a radiant altar of Vehumet.
   430 | D        | Reached skill level 10 in Earth Magic
   430 | D        | Gained mutation: Your flesh is heat resistant. (rF+) [demonic ancestry]
   430 | D        | Reached XP level 6. HP: 41/41 MP: 14/16
   454 | D        | Killed a yak
   454 | D        | Reached * piety under Dithmenos
   479 | D        | Noticed Sonja
   486 | D        | Killed Sonja
   486 | D        | Reached skill level 10 in Stealth
   486 | D        | Gained mutation: You have a pair of antennae on your head. [demonic ancestry]
   486 | D        | Reached XP level 7. HP: 34/46 MP: 7/18
   486 | D        | Reached XP level 8. HP: 38/52 MP: 7/20
   512 | D        | Found Usav's Antique Armour Boutique.
   520 | D        | Bought an embroidered scarf for 136 gold pieces
   520 | D        | Bought a buckler for 76 gold pieces
   716 | D        | Noticed a deep troll
   726 | D        | Found a viscous altar of Jiyva.
   726 | D        | Found a corrupted altar of Lugonu.
   726 | D        | Noticed a slime creature
   727 | D        | Found a burning altar of Makhleb.
   727 | D        | Found a shimmering altar of Xom.
   731 | D        | Killed a slime creature
   760 | D        | Killed a hornet
   789 | D        | Noticed a kobold demonologist
   789 | D        | Noticed a kobold demonologist
   789 | D        | Killed a kobold demonologist
   789 | D        | Reached ** piety under Dithmenos
   792 | D        | Killed a kobold demonologist
   823 | D        | Noticed a lindwurm
   823 | D        | Killed a lindwurm
   823 | D        | Reached *** piety under Dithmenos
   823 | D        | Reached skill level 10 in Short Blades
   823 | D        | Reached XP level 9. HP: 57/57 MP: 16/21
   912 | D        | Reached **** piety under Dithmenos
  1056 | D        | Killed a merfolk siren
  1167 | D        | Killed the 27-headed Lernaean hydra
  1478 | D        | Reached ***** piety under Dithmenos
  1491 | D        | Killed a hellwing
  1530 | D        | Killed a merfolk siren
  1547 | D        | Killed a deep troll
  1547 | D        | Reached skill level 5 in Dodging
  1547 | D        | Reached skill level 11 in Stealth
  1547 | D        | Reached XP level 10. HP: 68/68 MP: 16/22
  1574 | D        | Noticed a centaur warrior
  1574 | D        | Noticed a centaur warrior
  1574 | D        | Killed a centaur warrior
  1574 | D        | Reached skill level 12 in Stealth
  1576 | D        | Killed a centaur warrior
  1715 | D        | Noticed an oklob plant
  1717 | D        | Killed an oklob plant
  1717 | D        | Reached skill level 13 in Stealth
  1967 | D        | Reached ****** piety under Dithmenos
  1967 | D        | Reached skill level 14 in Stealth
  1967 | D        | Paralysed by a floating eye for 3 turns
  2031 | D        | Reached skill level 5 in Fighting
  2052 | D        | Killed a gargoyle
  2200 | D        | Reached skill level 5 in Transmutations
  2323 | D        | Killed a deep elf master archer
  2611 | D        | Found Yhuwimp's Armour Emporium.
  2642 | D        | Killed an unseen horror
  2643 | D        | HP: 1/76 [something (6)]
  2643 | D        | Slain by an unseen horror

Vault maps used:
D:        dungeon_sprint_1

Skill      XL: |  1  2  3  4  5  6  7  8  9 10 |
---------------+-------------------------------+-----
Spellcasting   | 3 5 6 7 8 |  8.0
Earth Magic    | 5 7 9 10 11 | 11.4
Stealth        | 10 11 14 | 14.1
Short Blades   | 10 | 10.3
Transmutations | 4 5 |  5.8
Shields        | 4 |  4.1
Dodging        | 5 7 |  7.5
Fighting       | 2 6 |  6.4

Action                   |  1- 3 |  4- 6 |  7- 9 | 10-12 || total
-------------------------+-------+-------+-------+-------++-------
Melee: Unarmed           |     8 |       |       |       ||     8
       Dagger            |       |       |    63 |    30 ||    93
Throw: Stone             |     1 |       |       |       ||     1
 Cast: Sandblast         |     8 |    10 |    12 |     3 ||    33
       Passwall          |       |     4 |    16 |     7 ||    27
       Petrify           |       |     2 |    10 |    13 ||    25
       Lee's Rapid Decon |       |       |       |     1 ||     1
  Use: Potion            |     1 |       |     3 |       ||     4
       Scroll            |       |       |       |     1 ||     1
 Stab: Sleeping          |       |       |     6 |     6 ||    12
       Petrified         |       |       |     3 |     9 ||    12
       Distracted        |       |       |     1 |       ||     1
  Eat: Chunk             |       |       |     3 |     1 ||     4
       Fruit             |       |       |       |     2 ||     2
       Royal jelly       |       |       |       |     1 ||     1
Armor: Robe              |       |       |     7 |     8 ||    15
Dodge: Dodged            |     1 |     3 |    19 |    11 ||    34
Block: Buckler           |       |       |     3 |     4 ||     7

Table legend:
 A = Spawn XP
 B = Non-spawn XP
 C = Spawn XP percentage of total XP
 D = Spawn monster count
 E = Non-spawn monster count
 F = Spawn count percentage of total count
 G = Total turns spent on level
                    A         B        C        D         E        F      G
               +---------+---------+-------+---------+---------+-------+---------
         Total |       0 |   10547 |   0.0 |       0 |      41 |   0.0 |  2643
               +---------+---------+-------+---------+---------+-------+---------
             D |       0 |   10547 |   0.0 |       0 |      41 |   0.0 |  2643
               +---------+---------+-------+---------+---------+-------+---------
